 Dungeon Crawl Stone Soup version 0.24.0-2-g5b39cebb1c (webtiles) character file.

Game seed: 13481642453630714659, levelgen mode: deterministic

7 Esekla the Skirmisher (level 2, -11/21 HPs)
             Began as an Octopode Abyssal Knight on Oct 29, 2019.
             Was a Follower of Lugonu.
             Blown up by an orb spider (18 damage)
             ... with a wavering orb of destruction
             ... on level 2 of the Abyss.
             The game lasted 00:01:55 (129 turns).

Esekla the Skirmisher (Octopode Abyssal Knight)      Turns: 129, Time: 00:02:00

Health: -11/21     AC:  1    Str: 11    XL:     2   Next: 4%
Magic:  3/3        EV: 13    Int: 14    God:    Lugonu [*.....]
Gold:   54         SH:  0    Dex: 11    Spells: 1/1 levels left

rFire    . . .     SeeInvis .   a - +1 falchion
rCold    . . .     Gourm    .   (no shield)
rNeg     . . .     Faith    .   (helmet restricted)
rPois    .         Spirit   .   (no amulet)
rElec    .         Reflect  .   (no ring)
rCorr    .         Harm     .   (no ring)
MR       .....                  (no ring)
Stlth    ++........             (no ring)
HPRegen  0.07/turn              (no ring)
MPRegen  0.08/turn              (no ring)
                                (no ring)
                                (no ring)

@: no status effects
A: almost no armour, stealthy swim, amphibious, 8 rings, constrict 8, camouflage
1, gelatinous body 1
a: Depart the Abyss, Renounce Religion


You were on level 2 of the Abyss.
You worshipped Lugonu.
Lugonu was aware of your devotion.
You were not hungry.

You visited 0 branches of the dungeon, and saw 0 of its levels.
You visited the Abyss 1 time.

You collected 54 gold pieces.

Inventory:

Hand Weapons
 a - a +1 falchion (weapon)
Missiles
 c - 5 datura-tipped darts (quivered)
Potions
 d - a potion of flight {unknown}
Comestibles
 b - a ration


   Skills:
 + Level 3.2 Fighting
 * Level 2.1 Long Blades
 * Level 2.6 Dodging
 + Level 2.0 Invocations


You had one spell level left.
You didn't know any spells.
Your spell library was empty.

Dungeon Overview and Level Annotations

Branches:
Dungeon (0/15)

Altars:


Innate Abilities, Weirdness & Mutations

You cannot wear most types of armour.
You are very stealthy in the water. (Stealth+)
You are amphibious.
You can wear up to eight rings at the same time.
You can use your tentacles to constrict eight enemies at once.
Your skin changes colour to match your surroundings (Stealth+).
Your rubbery body absorbs attacks. (AC +1, EV +1)


Message History

You kill the white imp!
You have reached level 2!
A wretched star comes into view.
You now have 54 gold pieces (gained 19).
The orb spider hisses angrily.
Found 49 gold pieces.
The orb spider pulsates with a strange energy.
You hit the orb spider. You grab the orb spider. You squeeze the orb spider.
The orb spider is lightly wounded.
You constrict the orb spider.
The orb spider escapes!
As you read the scroll labeled BAOLIRUBUADI, it crumbles to dust.
This is a scroll of acquirement! [a] Weapon [b] Armour [c] Jewellery [d] Book [e] Staff [f] Evocable [g] Food [h] Gold (you have $54)
What kind of item would you like to acquire? [\] known items Something appears before you!
The orb spider weaves a glowing orb of energy.
The wavering orb of destruction weakly hits you!!
Ouch! That really hurt!
You die...

#. . .## # #.. ..##
. ## ## #.#. # ##.
# #.##.##..# #
....#..##.##.# #.
.....##..# #.###..
..... ##..##.# ##
#...#.#.##
##@..#....#
#s##.##s.## #.# #.
s#...## .....
#..####.# # . #..#
..###
.#....##.....#
...................
.. .....
s.......... .
.##.$....# .. #


You could see an orb spider.

Vanquished Creatures
  A white imp (Abyss:2)
1 creature vanquished.

Notes
Turn   | Place    | Note
-------+----------+-------------------------------------------
     0 | Abyss:1  | Esekla the Octopode Abyssal Knight began the quest for the
                  | Orb.
     0 | Abyss:1  | Reached XP level 1. HP: 16/16 MP: 2/2
    44 | Abyss:2  | Noticed a wraith
    85 | Abyss:2  | Reached XP level 2. HP: 4/21 MP: 3/3
    88 | Abyss:2  | Noticed a wretched star
   105 | Abyss:2  | Noticed an orb spider
   129 | Abyss:2  | Identified a scroll of acquirement
   129 | Abyss:2  | Blown up by an orb spider

Levels and vault maps discovered:
Abyss:2:  serial_sigils_hangedman_quiver, hangedman_eye_storm, minivault_20

Action                   || total
-------------------------++-------
Melee: Falchion          ||     3
       Constrict         ||     2
       Tentacles         ||     2
  Use: Scroll            ||     1
Dodge: Dodged            ||     2
       Rpst.: Falchion   ||     1
